 Dungeon Crawl Stone Soup version 0.30-a0-760-g5a9884bb7c (webtiles) character file.

Game seed: 2105166045983869206

49 Beavis the Sneak (level 3, -2/31 HPs)
             Began as a Naga Fire Elementalist on Feb 10, 2023.
             Slain by Grinder (6 damage)
             ... on level 3 of the Dungeon.
             The game lasted 00:03:36 (3004 turns).

Beavis the Sneak (Naga Fire Elementalist)           Turns: 3004, Time: 00:03:36

Health: -2/31      AC:  2    Str: 16    XL:     3   Next: 77%
Magic:  4/6        EV: 10    Int: 17    God:
Gold:   108        SH:  0    Dex: 17    Spells: 0/6 levels left

rFire   . . .      SeeInvis +    d - +0 dagger
rCold   . . .      Faith    .    (no shield)
rNeg    . . .      Spirit   .    a - +0 robe
rPois   +          Reflect  .    (no helmet)
rElec   .          Harm     .    k - scarf {shadows}
rCorr   .          Rampage  .    (no gloves)
Will    .....                    (no barding)
Stlth   +++                      (no amulet)
HPRegen 0.25/turn                g - +6 ring of dexterity
MPRegen 0.10/turn                e - +6 ring of strength

@: very slow
A: AC +1, large, see invisible, deformed body, poison resistance, slowness 2,
spit poison 1, naga tail 1
a: Spit Poison


You were on level 3 of the Dungeon.
You visited 1 branch of the dungeon, and saw 3 of its levels.

You collected 135 gold pieces.
You spent 27 gold pieces at shops.

Inventory:

Hand Weapons
 d - a +0 dagger (weapon)
Armour
 a - a +0 robe (worn)
 k - a scarf of shadows (worn)
Jewellery
 e - a +6 ring of strength (right hand)
 f - a +4 ring of protection
 g - a +6 ring of dexterity (left hand)
 t - a +4 ring of slaying
 u - a ring of resist corrosion
Scrolls
 h - 2 scrolls of enchant weapon {unknown}
 j - a scroll of fog {unknown}
Potions
 m - a potion of cancellation
 n - 2 potions of berserk rage {unknown}
 o - a potion of brilliance {unknown}
 p - a potion of heal wounds {unknown}
 q - a potion of flight {unknown}
 r - a potion of degeneration {unknown}
 s - a potion of mutation {unknown}


   Skills:
 + Level 1.0 Fighting
 + Level 1.9 Dodging
 + Level 3.7 Stealth
 + Level 2.2 Spellcasting
 + Level 1.6 Conjurations
 + Level 3.3 Fire Magic


You couldn't memorise any spells.
You knew the following spells:

 Your Spells              Type           Power      Damage    Failure   Level
a - Foxfire               Conj/Fire      40%        2x1d6     7%          1
b - Scorch                Fire           26%        2d6       8%          2
c - Inner Flame           Hex/Fire       7%         N/A       28%         3

Your spell library contained the following spells:

 Spells                   Type           Power      Damage    Failure   Level
 Slow                     Hex            4%         N/A       19%         1
 Summon Small Mammal      Summ           4%         N/A       19%         1
 Kindle Blastsparks       Fire/Tloc/Air  10%        2d10      34%         3
 Call Canine Familiar     Summ           1%         N/A       50%         3
 Confusing Touch          Hex            1%         N/A       50%         3
 Gell's Gravitas          Tloc           1%         N/A       50%         3
 Summon Guardian Golem    Hex/Summ       1%         N/A       50%         3
 Teleport Other           Tloc           1%         N/A       50%         3
 Vampiric Draining        Necr           1%         2d6       50%         3
 Flame Wave               Conj/Fire      10%        2d6       56%         4
 Dispersal                Tloc           0%         N/A       100%        6


Dungeon Overview and Level Annotations

Branches:
Dungeon (3/15)

Altars:
Cheibriados
Gozag

Shops:
D:3 *

Annotations:
D:3 Grinder


Innate Abilities, Weirdness & Mutations

Your serpentine skin is tough. (AC +1)
You have supernaturally acute eyesight. (SInv)
Armour fits poorly on your strangely shaped body.
Your system is resistant to poisons. (rPois)
You cover ground very slowly.
You can spit poison.
You have a snake-like lower body.


Message History

Grinder barely misses you.
You can move again.
Casting: Foxfire (safe; 7% risk of failure)
Confirm with . or Enter, or press ? or * to list all spells.
You conjure some foxfire!
Grinder hits you!
* * * LOW HITPOINT WARNING * * *
You writhe in agony.
* * * LOW HITPOINT WARNING * * *
Casting: Foxfire (safe; 7% risk of failure)
Confirm with . or Enter, or press ? or * to list all spells.
Flames lash Grinder.
Grinder is moderately wounded.
Grinder's fire resistance burns away.
The foxfire hits Grinder.
Grinder is burned terribly!
Grinder is heavily wounded.
The foxfire hits Grinder but does no damage.
Grinder is heavily wounded.
Grinder hits you but does no damage.
You feel better. Grinder hits you.
You writhe in agony.
* * * LOW HITPOINT WARNING * * *
You feel better. Grinder hits you but does no damage.
Casting: Scorch (safe; 8% risk of failure)
Confirm with . or Enter, or press ? or * to list all spells.
You conjure some foxfire!
Grinder hits you!
* * * LOW HITPOINT WARNING * * *
You writhe in agony.
* * * LOW HITPOINT WARNING * * *
Magic courses through your body.
Grinder is no longer more vulnerable to fire.
The foxfire hits Grinder.
Grinder is heavily wounded.
The foxfire hits Grinder.
Grinder is severely wounded.
Grinder barely misses you.
Casting: Foxfire (safe; 7% risk of failure)
Confirm with . or Enter, or press ? or * to list all spells.
Flames lash Grinder.
Grinder is almost dead.
Grinder's fire resistance burns away.
Grinder hits you.
You die...

########.#####.# #...........#
#. ...............#
#...........# ##
########....#### #)........[.#
...########.#### #...........#
...............###...#########
...#########...##..### ##.####
##..##.## #....# ##.##.#
#....### #..@5########
#......# #...........#
##...#.# ##>..........#
#...#.# #............# #...#.#
#.##.........#
#...#.#####.####.#######
#...#.......# #.#
#...######..# #.# #.####..#
#.#


You could see Grinder (combustible).

Vanquished Creatures
  An adder (D:2)
  2 worms
  5 bats
  3 endoplasms
  2 giant cockroaches (D:3)
  5 goblins
  3 hobgoblins
  3 jackals
  A kobold (D:2)
  2 quokkas
  A ball python (D:1)
  2 frilled lizards (D:2)
30 creatures vanquished.

Vanquished Creatures (others)
  57 foxfires
57 creatures vanquished.

Grand Total: 87 creatures vanquished

Notes
Turn   | Place    | Note
-------+----------+-------------------------------------------
     0 | D:1      | Beavis the Naga Fire Elementalist began the quest for the
                  | Orb.
     0 | D:1      | Reached XP level 1. HP: 15/15 MP: 3/3
   376 | D:1      | Found a faded altar of an unknown god.
   437 | D:1      | Reached XP level 2. HP: 22/22 MP: 3/5
  1137 | D:2      | Learned a level 2 spell: Scorch
  1352 | D:2      | Reached XP level 3. HP: 25/30 MP: 0/6
  2120 | D:2      | Learned a level 3 spell: Inner Flame
  2254 | D:3      | Reached skill level 1 in Fighting
  2475 | D:3      | Found Vukio's Assorted Antiques.
  2478 | D:3      | Bought a scroll labelled CETIQI BOJIM for 27 gold pieces
  2528 | D:3      | Found an opulent altar of Gozag.
  2528 | D:3      | Found a snail-covered altar of Cheibriados.
  2874 | D:3      | Noticed Grinder
  2994 | D:3      | Paralysed by Grinder for 4 turns
  3004 | D:3      | Slain by Grinder

Illustrated notes

Levels and vault maps discovered:
D:1:      dpeg_arrival_short_road, layout_loops_ring,
          shapermc_ecumenical_altar_mp_vishouse, minmay_misc_feat_encased
D:2:      layout_basic, minmay_pentomino_z2
D:3:      layout_basic, mainiacjoe_overflow_brackets,
          amethyst_overflow_temple_binary, serial_shops,
          nicolae_shop_behind_doors, minmay_misc_feat_tiny, uniq_grinder

Skill      XL: |  1  2  3 |
---------------+----------+-----
Fighting       | 1 |  1.0
Dodging        | |  1.9
Stealth        | |  3.7
Spellcasting   | |  2.2
Conjurations   | |  1.6
Fire Magic     | |  3.3

Action                     || total
---------------------------++-------
  Melee: Dagger            ||    14
         Punch             ||     1
   Cast: Foxfire           ||    34
         Scorch            ||    24
    Use: Scroll            ||     9
         Potion            ||     5
   Stab: Sleeping          ||     3
 Armour: Robe              ||     4
  Dodge: Dodged            ||    10

Table legend: (Time is in decaauts)
 A = Elapsed time spent in this place.
 B = Non-inter-level travel time spent in this place.
 C = Inter-level travel time spent in this place.
 D = Time resting spent in this place.
 E = Time spent auto-exploring this place.
 F = Levels seen in this place.
 G = Mean time per level.
                   A        B        C        D        E       F      G
               +--------+--------+--------+--------+--------+-----+--------+
         Total |   3811 |   3618 |    193 |     28 |   3235 |   3 | 1270.3 |
       Dungeon |   3811 |   3618 |    193 |     28 |   3235 |   3 | 1270.3 |
               +--------+--------+--------+--------+--------+-----+--------+

Top non-repeatable levels by time:
     D:1: 1448 daAuts
     D:2: 1296 daAuts
     D:3: 1066 daAuts
